 Dungeon Crawl Stone Soup version 0.32-a0-859-gb0a091d592 (webtiles) character file.

Game seed: 7756774312930680904

49 epen the Chiller (level 3, -1/26 HPs)
             Began as a Ghoul Ice Elementalist on Mar 27, 2024.
             Slain by a gnoll
             ... wielding a +0 spear
              (2 damage)
             ... on level 2 of the Dungeon.
             The game lasted 00:02:00 (1359 turns).

epen the Chiller (Ghoul Ice Elementalist)           Turns: 1359, Time: 00:02:00

Health: -1/26      AC:  2    Str: 17    XL:     3   Next: 75%
Magic:  3/6        EV: 11    Int: 14    God:
Gold:   80         SH:  0    Dex: 11    Spells: 2/6 levels left

rFire   + .          .
                       - Unarmed
rCold   + . .        (no shield)
rNeg    + + +        a - +0 robe
rPois   ∞            (no helmet)
rElec   .            (no cloak)
rCorr   .            (no gloves)
SInv    .            (no boots)
Will    +....        (no amulet)
Stlth   ++           h - +6 ring of strength
HPRegen 0.00/turn    d - ring of protection from fire
MPRegen 0.10/turn

%: no passive effects
@: freezing walls, enlightened, flying, inhibited regen
A: claws 1, cold resistance 1, negative energy resistance 3, inhibited
regeneration, torment resistance 2, devour on kill
a: no special abilities


You were on level 2 of the Dungeon.
You visited 1 branch of the dungeon, and saw 2 of its levels.

You collected 119 gold pieces.
You spent 39 gold pieces at shops.

Inventory:

Armour
 a - a +0 robe (worn)
Jewellery
 d - a ring of protection from fire (right claw)
 h - a +6 ring of strength (left claw)
Scrolls
 c - a scroll of revelation {unknown}
 e - a scroll of vulnerability {unknown}
 f - a scroll of noise {unknown}
 i - a scroll of teleportation
Potions
 b - a potion of magic


   Skills:
 + Level 0.2 Fighting
 + Level 2.3 Dodging
 - Level 2.1 Stealth
 + Level 1.5 Unarmed Combat
 + Level 2.2 Spellcasting
 + Level 4.7 Ice Magic


You had 2 spell levels left.
You knew the following spells:

 Your Spells              Type           Power      Damage    Failure   Level
a - Freeze                Ice            56%        1d7       3%          1
b - Frozen Ramparts       Ice            28%        1d5       10%         3

Your spell library contained the following spells:

 Spells                   Type           Power      Damage    Failure   Level
 Ozocubu's Armour         Ice            14%        N/A       10%         3
 Summon Ice Beast         Ice/Summ       8%         N/A       26%         3
 Call Canine Familiar     Summ           1%         N/A       56%         3
 Sigil of Binding         Hex            1%         N/A       56%         3
 Dimensional Bullseye     Hex/Tloc       0%         N/A       93%         4


Dungeon Overview and Level Annotations

Branches:
Dungeon (2/15)

Altars:

Shops:
D:2 ?


Innate Abilities, Weirdness & Mutations

You are immune to poison.
You have sharp fingernails.
Your flesh is cold resistant. (rC+)
You are immune to negative energy. (rN+++)
You do not regenerate when monsters are visible.
You are immune to unholy pain and torment.
You thrive by killing the living.


Message History

A gnoll comes into view. It is wielding a +0 whip.
The gnoll shouts!
The gnoll hits the plant with a +0 whip.
The plant begins to die.
Found a stone staircase leading up.
The gnoll hits you with a +0 club!
You claw the gnoll! You claw the gnoll.
The gnoll is severely wounded.
The gnoll barely misses you.
A nearby plant withers and dies.
Casting: Freeze (safe; 3% risk of failure)
Confirm with . or Enter, or press ? or * to list all spells.
Casting: Frozen Ramparts (quite dangerous; 10% risk of failure)
Press: ? - help, Dir - look around, f - activate The walls around you are covered in ice.
The wall freezes the gnoll but does no damage.
The gnoll hits you with a +0 club.
The wall freezes the gnoll.
You scratch the gnoll but do no damage.
The gnoll is severely wounded.
The wall freezes the gnoll.
The gnoll closely misses you.
The wall freezes the gnoll. x2
The gnoll hits you from afar with a +0 spear.
You scratch the gnoll.
You kill the gnoll!
You feel better.
The wall freezes the gnoll. x2
The gnoll hits you from afar with a +0 spear.
You scratch the gnoll but do no damage.
The gnoll is moderately wounded.
The wall freezes the gnoll.
The gnoll hits you with a +0 flail!
* * * LOW HITPOINT WARNING * * *
The wall freezes the gnoll.
The wall freezes the gnoll but does no damage.
The gnoll barely misses you.
Okay, then.
It was a potion of enlightenment.
You feel very buoyant.
You fly up into the air.
The wall freezes the gnoll.
The gnoll misses you.
The wall freezes the gnoll.
The wall freezes the gnoll but does no damage.
The gnoll hits you from afar with a +0 spear.
You die... ###..........# .<.. .##.########.# .... ....# #.# ... <#### #.# ..##### ## #.# ....... ## #.# ..P.PPP

.# #.# ####....PPP
.# #.#####g...P.PPP.
.# #.#..@gg...PP.PP.
. #.#.###.##P.P....
# #.#.# #.#...P...P
# #.#.###......PPPP
# #.#.##.......P...
# #.#.##....###.###
## #.#.##.#.## .. .#
#.#.##.#.# .##
######.#.#.#..####.#


You could see 3 gnolls.

Vanquished Creatures
  A gnoll (D:2)
  2 dart slugs
  2 endoplasms
  A giant cockroach (D:1)
  5 goblins
  5 hobgoblins
  6 ball pythons
  A bat (D:2)
  A frilled lizard (D:1)
  5 kobolds
  5 rats
34 creatures vanquished.

Notes
Turn   | Place    | Note
-------+----------+-------------------------------------------
     0 | D:1      | epen the Ghoul Ice Elementalist began the quest for the
                  | Orb.
     0 | D:1      | Reached XP level 1. HP: 14/14 MP: 3/3
   197 | D:1      | Reached XP level 2. HP: 19/20 MP: 0/4
   569 | D:1      | Reached skill level 1 in Unarmed Combat
   824 | D:1      | Reached XP level 3. HP: 25/26 MP: 4/6
   828 | D:1      | Learned a level 3 spell: Frozen Ramparts
  1283 | D:2      | Found Goagh's Magic Scroll Emporium.
  1287 | D:2      | Bought a scroll of teleportation for 39 gold pieces
  1358 | D:2      | HP: 1/26 [gnoll/+0 flail (10)]
  1359 | D:2      | Slain by a gnoll

Illustrated notes

Levels and vault maps discovered:
D:1:      mainiacjoe_arrival_oval_in_oval, layout_loops_ring
D:2:      layout_loops_ring, serial_shops, shop, kennysheep_crisscross,
          nicolae_grassy_gnolls

Skill      XL: |  1  2 |
---------------+-------+-----
Dodging        | 2 |  2.3
Spellcasting   | 2 |  2.2
Unarmed Combat | 1 |  1.5
Fighting       | |  0.2
Stealth        | |  2.1
Ice Magic      | |  4.7

Action                     || total
---------------------------++-------
  Melee: Unarmed           ||    81
         Punch             ||     2
   Cast: Freeze            ||    26
         Frozen Ramparts   ||     1
    Use: Potion            ||     1
   Stab: Sleeping          ||     3
 Armour: Robe              ||    66
  Dodge: Dodged            ||    57

Table legend: (Time is in decaauts)
 A = Elapsed time spent in this place.
 B = Non-inter-level travel time spent in this place.
 C = Inter-level travel time spent in this place.
 D = Time resting spent in this place.
 E = Time spent auto-exploring this place.
 F = Levels seen in this place.
 G = Mean time per level.
                   A        B        C        D        E       F      G
               +--------+--------+--------+--------+--------+-----+--------+
         Total |   1356 |   1332 |     24 |      0 |   1080 |   2 |  678.0 |
       Dungeon |   1356 |   1332 |     24 |      0 |   1080 |   2 |  678.0 |
               +--------+--------+--------+--------+--------+-----+--------+

Top non-repeatable levels by time:
     D:1: 915 daAuts
     D:2: 440 daAuts
